 Dungeon Crawl Stone Soup version 0.20-a0-927-g1ae2c61 (webtiles) character file.

6201 Isola the Carver (level 10, -4/61 HPs)
             Began as a Tengu Gladiator on Mar 29, 2017.
             Was a Believer of Okawaru.
             Slain by Snorg (17 damage)
             ... on level 10 of the Dungeon.
             The game lasted 00:25:45 (12075 turns).

Isola the Carver (Tengu Gladiator)                 Turns: 12075, Time: 00:25:46

Health: -4/61      AC:  4    Str: 14    XL:     10   Next: 91%
Magic:  15/15      EV: 24    Int: 13    God:    Okawaru [**....]
Gold:   435        SH:  0    Dex: 15    Spells: 9/9 levels left

rFire    . . .     SeeInvis .   a - +1 long sword
rCold    + . .     Gourm    .   l - +0 buckler
rNeg     . . .     Faith    .   v - +0 leather armour {rC+}
rPois    .         Spirit   .   c - +0 hat
rElec    .         Reflect  .   (no cloak)
rCorr    .         Harm     .   u - +0 pair of gloves (curse)
MR       .....                  (boots unavailable)
Stlth    ..........             (no amulet)
Regen    0.2/turn               x - ring of loudness (curse)
MPRegen  0.2/turn               q - +4 ring of slaying

@: confused, heroism, flying quickly and evasively, quick
A: beak, talons 3, able to fly 1
a: Heroism, Renounce Religion


You were on level 10 of the Dungeon.
You worshipped Okawaru.
Okawaru was pleased with you.
You were not hungry.

You visited 2 branches of the dungeon, and saw 11 of its levels.

You collected 507 gold pieces.
You spent 72 gold pieces at shops.

Inventory:

Hand Weapons
 a - a +1 long sword (weapon)
 b - a +2 falchion of flaming
Missiles
 r - 2 steel tomahawks (quivered)
 z - 5 silver javelins
Armour
 c - a +0 hat (worn)
 l - a +0 buckler (worn)
 u - a cursed +0 pair of gloves (worn)
 v - a +0 leather armour of cold resistance (worn)
Jewellery
 e - an uncursed amulet of faith
 m - an uncursed ring of stealth
 p - an uncursed ring of see invisible
 q - a +4 ring of slaying (right hand)
 t - an uncursed ring of protection from magic
 x - a cursed ring of loudness (left hand)
Wands
 j - a wand of digging (8/24)
 w - a wand of clouds (9/9)
Scrolls
 d - 4 scrolls of recharging
 o - a scroll of amnesia
Potions
 s - a potion of flight
 B - a potion of brilliance
 E - a potion of cancellation {unknown}
Comestibles
 f - 4 bread rations
 g - 5 meat rations
 h - 3 royal jellies
 i - 8 fruits
 k - 2 chunks of flesh


   Skills:
 + Level 6.4(11.4) Fighting
 * Level 12.1(17.1) Long Blades
 - Level 2.0(7.0) Throwing
 - Level 7.8(12.8) Dodging
 - Level 4.3(9.3) Shields
 * Level 5.6 Invocations


You had 9 spell levels left.
You didn't know any spells.

Dungeon Overview and Level Annotations

Branches:
Dungeon (10/15)            Temple (1/1) D:7             Orc (0/2) D:9
   Lair: D:8-11

Altars:
Ashenzari
Cheibriados
Dithmenos
Elyvilon
Fedhas
Gozag
Hepliaklqana
Kikubaaqudgha
Makhleb
Nemelex Xobeh
Okawaru
Qazlal
Ru
Sif Muna
Trog
Uskayaw
Vehumet
Wu Jian
Xom
Yredelemnul
Zin
The Shining One

Shops:
D:4 =   D:7 *   D:8 ?

Annotations:
D:10 Snorg


Innate Abilities, Weirdness & Mutations

You have a beak for a mouth.
You have claws for feet.
You can fly.


Message History

Snorg misses you.
You riposte.
You hit Snorg. You claw Snorg.
Snorg is severely wounded.
You block Snorg's attack. Snorg claws you!
You hit Snorg. You claw Snorg. You peck Snorg.
Snorg is severely wounded.
You block Snorg's attack. Snorg barely misses you. You block Snorg's attack.
You hit Snorg. Your kick misses Snorg.
Snorg is severely wounded.
Snorg completely misses you. x2; Snorg claws you but does no damage.
Snorg misses you. Snorg claws you. Snorg claws you!!
* * * LOW HITPOINT WARNING * * *
It was a potion of ambrosia.
You are confused.
You feel invigorated. Snorg bites you.
* * * LOW HITPOINT WARNING * * *
Snorg misses you. x2
You hit Snorg. You claw Snorg. You peck Snorg.
Snorg is almost dead.
Snorg misses you. Snorg claws you!
You die...

###+#####
#.......
#......
#.....
+.... ...
#T######
#@.....#
######'####
#.........#
#.........#
#.........#
#......>..#
#.........#
+.........#
#.........#


You could see Snorg (berserk).

Vanquished Creatures
  A two-headed ogre (D:9)
  A troll (D:8)
  Grinder (D:5)
  A vampire (D:10)
  Eustachio (D:6)
  A wyvern (D:6)
  3 yaks (D:9)
  Menkaure (D:4)
  A warg (D:9)
  Edmund (D:4)
  A water moccasin (D:9)
  Duvessa (D:4)
  4 orc warriors
  2 ogres
  A sky beast (D:9)
  3 black bears
  A phantom (D:5)
  4 wolves (D:8)
  Blork the orc (D:4)
  2 big kobolds
  2 bullfrogs
  A scorpion (D:8)
  Dowan (D:4)
  A howler monkey (D:4)
  8 crimson imps
  A quasit (D:9)
  4 bullfrog skeletons
  7 hounds
  5 orc priests
  A gnoll shaman (D:5)
  4 centaur skeletons
  Ijyb (D:4)
  Terence (D:2)
  11 orc wizards
  9 worker ants
  2 hound skeletons
  2 worker ant zombies
  12 adders
  7 gnolls
  5 shadow imps
  An adder zombie (D:8)
  An adder skeleton (D:9)
  2 worms
  3 dart slugs
  9 leopard geckos
  34 orcs
  2 ball pythons
  10 giant cockroaches
  6 goblins
  5 hobgoblins
  10 kobolds
  2 quokkas
  8 bats
  4 frilled lizards
  A quokka skeleton (D:5)
  6 rats
221 creatures vanquished.

Vanquished Creatures (others)
  An orc wizard (D:7)
  A plant (D:9)
2 creatures vanquished.

Grand Total: 223 creatures vanquished

Notes
Turn   | Place    | Note
-------+----------+-------------------------------------------
     0 | D:1      | Isola the Tengu Gladiator began the quest for the Orb.
     0 | D:1      | Reached XP level 1. HP: 12/12 MP: 2/2
   157 | D:1      | Reached XP level 2. HP: 17/17 MP: 3/3
   647 | D:2      | Noticed Terence
   668 | D:2      | Killed Terence
   668 | D:2      | Reached XP level 3. HP: 10/22 MP: 4/4
   848 | D:2      | Reached skill level 4 in Long Blades
   862 | D:2      | Reached XP level 4. HP: 26/27 MP: 5/5
  1269 | D:2      | Found an ancient bone altar of Kikubaaqudgha.
  1622 | D:3      | Gained mutation: You can fly. [Tengu growth]
  1622 | D:3      | Reached XP level 5. HP: 18/31 MP: 6/6
  2597 | D:3      | Reached skill level 5 in Long Blades
  2712 | D:4      | Reached skill level 5 in Dodging
  2719 | D:4      | Noticed Menkaure
  2876 | D:4      | Killed Menkaure
  2876 | D:4      | Reached XP level 6. HP: 35/37 MP: 4/7
  3110 | D:4      | Noticed Blork the orc
  3119 | D:4      | Killed Blork the orc
  3119 | D:4      | Reached skill level 6 in Long Blades
  3119 | D:4      | Reached XP level 7. HP: 33/42 MP: 8/8
  3469 | D:4      | Noticed Ijyb
  3481 | D:4      | Killed Ijyb
  3538 | D:4      | Noticed Edmund
  3603 | D:4      | Killed Edmund
  3784 | D:4      | Noticed Dowan
  3904 | D:5      | Entered Level 5 of the Dungeon
  3937 | D:5      | Reached skill level 7 in Long Blades
  4136 | D:5      | Reached XP level 8. HP: 39/48 MP: 5/9
  4722 | D:5      | Found a radiant altar of Vehumet.
  4722 | D:5      | Found a snail-covered altar of Cheibriados.
  4723 | D:5      | Found an opulent altar of Gozag.
  4747 | D:5      | Reached skill level 8 in Long Blades
  4803 | D:5      | Noticed Grinder
  4814 | D:5      | Killed Grinder
  4814 | D:5      | Reached skill level 5 in Fighting
  5556 | D:6      | Reached skill level 9 in Long Blades
  6034 | D:7      | Found a basalt altar of Yredelemnul.
  6079 | D:7      | Reached XP level 9. HP: 54/54 MP: 6/10
  6425 | D:6      | Noticed Eustachio
  6492 | D:6      | Killed Eustachio
  6586 | D:6      | Noticed a skeletal warrior
  6586 | D:6      | Noticed a cyan ugly thing
  6902 | D:7      | Found a staircase to the Ecumenical Temple.
  6914 | Temple   | Entered the Ecumenical Temple
  7017 | Temple   | Became a worshipper of Warmaster Okawaru
  7041 | D:7      | Found Omulups's Assorted Antiques.
  7044 | D:7      | Bought a purple potion for 22 gold pieces
  7044 | D:7      | Bought 2 scrolls labeled YGOATO FYAF for 50 gold pieces
  7119 | D:7      | Reached skill level 10 in Long Blades
  7602 | D:4      | Noticed Duvessa
  7602 | D:4      | Killed Dowan
  7791 | D:4      | Killed Duvessa
  7791 | D:4      | Reached skill level 1 in Shields
  8255 | D:4      | Found Otuephus's Jewellery Boutique.
  8404 | D:8      | Reached skill level 1 in Invocations
  8534 | D:8      | Found a shattered altar of Ashenzari.
  8670 | D:8      | Noticed a troll
  8676 | D:8      | Killed a troll
  8676 | D:8      | Reached * piety under Okawaru
  8691 | D:8      | Reached XP level 10. HP: 61/61 MP: 11/13
  8746 | D:8      | Reached skill level 11 in Long Blades
  8850 | D:8      | Noticed a two-headed ogre
  9169 | D:8      | Found Xumaffuo's Magic Scroll Emporium.
  9417 | D:8      | HP: 3/61 [komodo dragon (23)]
 10319 | D:9      | Found a staircase to the Orcish Mines.
 10396 | D:8      | Noticed a two-headed ogre
 10738 | D:9      | Noticed a two-headed ogre
 10895 | D:9      | Reached ** piety under Okawaru
 11101 | D:9      | Killed a two-headed ogre
 11133 | D:9      | Reached skill level 5 in Invocations
 11222 | D:9      | Reached skill level 12 in Long Blades
 11528 | D:10     | Entered Level 10 of the Dungeon
 12063 | D:10     | Noticed Snorg
 12075 | D:10     | Slain by Snorg

Vault maps used:
D:1:      dpeg_arrival_erosion, hangedman_decor_growths
D:2:      kiku_gazebo_pond_becter, uniq_terence
D:4:      serial_shops, kennysheep_mini_moat, uniq_duvessa, uniq_blork_the_orc,
          uniq_iyjb, uniq_menkaure, uniq_edmund
D:5:      gammafunk_temple_overflow_claw, first_bread, grunt_decor_mini_mirrors,
          uniq_grinder
D:6:      minmay_klotski, uniq_eustachio
D:7:      kennysheep_mini, minmay_temple_entry_mist, serial_shops,
          nicolae_shop_trees
D:8:      old_standard_altar, erik_lair_island, serial_shops, shop
D:9:      david_orc_3, serial_shops, shop, hangedman_ranch
D:10:     uniq_snorg
Temple:   lightli_temple_of_artemis

Skill      XL: |  1  2  3  4  5  6  7  8  9 10 |
---------------+-------------------------------+-----
Dodging        | 4 5 6 7 |  7.8
Long Blades    | 4 5 6 7 9 10 12 | 12.1
Fighting       | 3 4 5 6 |  6.4
Shields        | 2 4 |  4.3
Invocations    | 2 5 |  5.6
Throwing       | |  2.0

Action                   |  1- 3 |  4- 6 |  7- 9 | 10-12 || total
-------------------------+-------+-------+-------+-------++-------
Melee: Long sword        |    53 |   129 |   267 |   201 ||   650
       Kick              |    17 |    42 |    90 |    78 ||   227
       Peck              |    17 |    27 |    66 |    50 ||   160
Throw: Throwing net      |     3 |       |     5 |       ||     8
       Tomahawk          |       |     1 |    13 |     4 ||    18
       Javelin           |       |       |       |     5 ||     5
Invok: Heroism           |       |       |       |     5 ||     5
 Abil: Fly               |       |     4 |    26 |    21 ||    51
  Use: Scroll            |       |       |    17 |     6 ||    23
       Potion            |       |       |     8 |     7 ||    15
 Stab: Sleeping          |     1 |     1 |     1 |       ||     3
       Held in net/web   |     1 |       |     3 |       ||     4
       Invisible         |       |       |     1 |       ||     1
  Eat: Chunk             |       |     8 |    19 |    11 ||    38
       Royal jelly       |       |       |     1 |       ||     1
       Bread ration      |       |       |       |     1 ||     1
Armor: Leather armour    |     9 |    25 |    34 |    12 ||    80
       Skin              |       |       |       |    15 ||    15
Dodge: Dodged            |    32 |   106 |   201 |   165 ||   504
Block: Buckler           |       |       |       |    27 ||    27
       Rpst.: Long sword |     8 |    28 |    52 |    43 ||   131
